 Dungeon Crawl Stone Soup version 0.26-a0-520-g952f204493 (webtiles) character file.

Game seed: 17968601782616742935

4877 Araneus the Spear-Bearer (level 10, -8/84 HPs)
             Began as a Naga Fighter on Aug 12, 2020.
             Was an Initiate of Cheibriados.
             Killed from afar by a steam dragon (13 damage)
             ... with a ball of steam
             ... on level 9 of the Dungeon.
             The game lasted 00:39:53 (12226 turns).

Araneus the Spear-Bearer (Naga Fighter)            Turns: 12226, Time: 00:39:53

Health: -8/84      AC: 12    Str: 23    XL:     10   Next: 50%
Magic:  10/10      EV:  4    Int: 10    God:    Cheibriados [......]
Gold:   517        SH: 10    Dex: 11    Spells: 9/9 levels left

rFire    . . .     SeeInvis +   a - +0 trident
rCold    . . .     Faith    .   c - +0 kite shield
rNeg     . . .     Spirit   .   y - +1 storm dragon scales
rPois    +         Reflect  .   q - +1 hat
rElec    +         Harm     .   (no cloak)
rCorr    .                      (no gloves)
MR       +....                  (no barding)
Stlth    ..........             (no amulet)
HPRegen  0.24/turn              (no ring)
MPRegen  0.12/turn              (no ring)

@: very slow
A: large, see invisible, deformed body, poison resistance, slowness 2, spit
poison 1, AC +3
a: Spit Poison, Bend Time, Renounce Religion


You were on level 9 of the Dungeon.
You worshipped Cheibriados.
Cheibriados was noncommittal.
You visited 2 branches of the dungeon, and saw 11 of its levels.

You collected 517 gold pieces.

Inventory:

Hand Weapons
 a - a +0 trident (weapon)
 i - a +2 war axe of flaming
Missiles
 j - 104 poisoned darts (quivered)
Armour
 c - a +0 kite shield (worn)
 k - +0 acid dragon scales
 q - a +1 hat (worn)
 y - +1 storm dragon scales (worn)
Jewellery
 w - an uncursed ring of ice
Wands
 b - a wand of paralysis (5)
 m - a wand of disintegration (18)
 D - a wand of polymorph (10)
 E - a wand of acid (7)
 G - a wand of flame (16)
Scrolls
 d - a scroll of magic mapping
 e - 4 scrolls of remove curse
 g - 4 scrolls of identify
 h - a scroll of fog
 n - a scroll of immolation {unknown}
 t - a scroll of teleportation
 u - 2 scrolls of enchant armour
 v - 6 scrolls of amnesia
 x - a scroll of blinking {unknown}
 A - a scroll of random uselessness {unknown}
 B - a scroll of enchant weapon {unknown}
 C - a scroll of vulnerability {unknown}
Potions
 o - 4 potions of flight
 p - a potion of ambrosia
 r - a potion of brilliance
 s - 2 potions of lignification
 F - 2 potions of magic


   Skills:
 - Level 3.0 Fighting
 + Level 13.3 Polearms
 + Level 4.3 Armour
 * Level 4.7 Shields


You had 9 spell levels left.
You didn't know any spells.
Your spell library contained the following spells:

 Spells                   Type           Power        Failure   Level
 Confusing Touch          Hex            #.......     100%        3
 Gell's Gravitas          Tloc           #.........   100%        3
 Petrify                  Tmut/Erth      #.......     100%        4
 Metabolic Englaciation   Hex/Ice        #.........   100%        5
 Yara's Violent Unravell  Hex/Tmut       #.........   100%        5


Dungeon Overview and Level Annotations

Branches:
Dungeon (10/15)            Temple (1/1) D:7            Lair (0/6) D:8
    Orc (0/2) D:10

Altars:
Ashenzari
Cheibriados
Dithmenos
Elyvilon
Fedhas
Gozag
Hepliaklqana
Kikubaaqudgha
Makhleb
Nemelex Xobeh
Okawaru
Qazlal
Ru
Sif Muna
Trog
Uskayaw
Vehumet
Wu Jian
Xom
Yredelemnul
Zin
The Shining One

Annotations:
D:8 2 transporters, hemabe71's ghost, novice HuAr
D:9 Joseph


Innate Abilities, Weirdness & Mutations

You cannot wear boots.
Your serpentine skin is tough. (AC +3)
You have supernaturally acute eyesight. (SInv)
Armour fits poorly on your strangely shaped body.
Your system is resistant to poisons. (rPois)
You cover ground very slowly.
You can spit poison.


Message History

The steam dragon is severely wounded.
You are engulfed in a cloud of scalding steam.
The steam dragon bites you.
* * * LOW HITPOINT WARNING * * *
The steam dragon claws you.
* * * LOW HITPOINT WARNING * * *
You completely miss the steam dragon.
The steam dragon is severely wounded.
You are engulfed in a cloud of scalding steam.
* * * LOW HITPOINT WARNING * * *
The centaur barely misses you.
You hit the steam dragon.
The steam dragon is almost dead.
You are engulfed in a cloud of scalding steam.
* * * LOW HITPOINT WARNING * * *
The centaur hits you with a cursed -2 shortbow.
* * * LOW HITPOINT WARNING * * *
The steam dragon breathes steam at you. The ball of steam hits you!
You die...

#.......# #.......#
+.......# .......#
...... .... ##'#
####Dc# ####+###
##..(@## ......)#
#..####
.......#####'#########
.......'.##..........#
.......#.##..........#
.......#..'....[.....#
.......####...>....(.#
.......# #.........<#
.......# #..........+


You could see a steam dragon (catching breath) and a centaur.

Vanquished Creatures
  Pikel (D:6)
  Maggie (D:6)
  2 trolls
  Sigmund (D:3)
  A steam dragon (D:9)
  2 black bears (D:7)
  A hornet zombie (D:10)
  An ice beast (D:5)
  2 orc warriors
  2 phantoms
  3 ogres
  A sky beast (D:7)
  3 lemures
  3 wolves
  A centaur (D:5)
  A crocodile (D:7)
  4 bullfrogs
  A water moccasin skeleton (D:3)
  3 scorpions
  4 wights (D:7)
  A howler monkey (D:5)
  3 electric eels (D:8)
  10 hounds
  4 orc priests
  A bullfrog skeleton (D:6)
  A jelly (D:5)
  A centaur skeleton (D:7)
  An iguana (D:9)
  8 orc wizards
  6 worker ants
  A hound zombie (D:10)
  2 hound skeletons
  A worker ant zombie (D:5)
  6 adders
  4 gnolls (D:8)
  A howler monkey skeleton (D:5)
  A shadow imp (D:7)
  2 white imps
  3 dart slugs
  6 leopard geckos
  24 orcs
  6 giant cockroaches
  5 hobgoblins
  6 jackals
  3 kobolds
  5 quokkas
  A ball python (D:2)
  5 bats
  2 frilled lizards (D:2)
  5 goblins
  A jackal skeleton (D:8)
  2 leopard gecko zombies (D:6)
  9 rats
175 creatures vanquished.

Notes
Turn   | Place    | Note
-------+----------+-------------------------------------------
     0 | D:1      | Araneus the Naga Fighter began the quest for the Orb.
     0 | D:1      | Reached XP level 1. HP: 21/21 MP: 1/1
   328 | D:1      | Reached XP level 2. HP: 28/28 MP: 2/2
   620 | D:1      | Reached skill level 3 in Polearms
   719 | D:2      | Reached XP level 3. HP: 31/34 MP: 3/3
   937 | D:2      | Found a shimmering altar of Xom.
   942 | D:2      | Found a sparkling altar of Nemelex Xobeh.
  1205 | D:2      | Found an ancient bone altar of Kikubaaqudgha.
  1205 | D:2      | Found a shattered altar of Ashenzari.
  1442 | D:3      | Reached skill level 4 in Polearms
  1487 | D:3      | Reached XP level 4. HP: 35/42 MP: 4/4
  1780 | D:3      | Found a bloodstained altar of Trog.
  1790 | D:3      | Noticed Sigmund
  1797 | D:3      | Killed Sigmund
  1797 | D:3      | Reached skill level 6 in Polearms
  1797 | D:3      | Reached XP level 5. HP: 34/49 MP: 5/5
  1797 | D:3      | Reached XP level 6. HP: 38/56 MP: 6/6
  1974 | D:3      | Found a blossoming altar of Fedhas.
  2203 | D:3      | Noticed a +0 hand axe
  2203 | D:3      | Noticed a +0 hand axe
  2205 | D:3      | Found a hide-covered altar of Uskayaw.
  2342 | D:3      | Found a glowing golden altar of the Shining One.
  2703 | D:4      | Noticed a phantom
  2773 | D:4      | Killed a phantom
  2773 | D:4      | Reached skill level 7 in Polearms
  2773 | D:4      | Reached XP level 7. HP: 14/62 MP: 7/7
  3300 | D:5      | Entered Level 5 of the Dungeon
  3853 | D:5      | Reached skill level 8 in Polearms
  4501 | D:5      | Reached skill level 9 in Polearms
  4501 | D:5      | Reached XP level 8. HP: 69/69 MP: 8/8
  5167 | D:6      | Noticed Pikel
  5475 | D:6      | Noticed Maggie
  5574 | D:6      | Killed Maggie
  5574 | D:6      | Reached skill level 10 in Polearms
  5902 | D:6      | Killed Pikel
  5902 | D:6      | Reached skill level 11 in Polearms
  5902 | D:6      | Reached XP level 9. HP: 54/75 MP: 9/9
  6239 | D:6      | Found an opulent altar of Gozag.
  6515 | D:7      | Found a staircase to the Ecumenical Temple.
  6536 | Temple   | Entered the Ecumenical Temple
  6940 | D:7      | Reached skill level 12 in Polearms
  7266 | D:7      | Found a burning altar of Makhleb.
  8231 | D:8      | Found a basalt altar of Yredelemnul.
  8488 | D:8      | Noticed a troll
  8665 | D:8      | Found a staircase to the Lair.
  8851 | D:8      | HP: 2/75 [wolf (6)]
  8864 | D:8      | Reached skill level 13 in Polearms
  8864 | D:8      | Reached XP level 10. HP: 19/84 MP: 10/10
  9304 | D:8      | Identified the +10 trident "Tezeett" {distort, Int+3 Dex+4}
  9308 | D:8      | Noticed hemabe71's ghost (novice HuAr)
  9317 | D:8      | Found a transporter.
  9345 | D:8      | Found a transporter.
  9409 | D:8      | Noticed a toenail golem
  9449 | D:8      | Found a shadowy altar of Dithmenos.
  9476 | D:8      | You fall into a shaft and drop 2 floors!
  9476 | D:10     | Entered Level 10 of the Dungeon
 10257 | D:9      | HP: 2/84 [troll (6)]
 10820 | D:8      | HP: 2/84 [orc wizard/magic dart (4)]
 11514 | D:8      | Found a snail-covered altar of Cheibriados.
 11586 | D:8      | Found a hazy altar of Hepliaklqana.
 11722 | D:8      | Became a worshipper of Cheibriados the Contemplative
 11959 | D:9      | Noticed Joseph
 12226 | D:9      | Killed from afar by a steam dragon

Illustrated notes

Levels and vault maps discovered:
D:1:      heliophobic_arrival_henge, layout_basic
D:2:      layout_loops_ring, gammafunk_temple_overflow_statue,
          gammafunk_temple_overflow_elements
D:3:      layout_rooms, fedhas_ov_isle_minmay, dancing_weapons_uskayaw,
          bloody_trog, tso_oasis_becter, minmay_bisected, uniq_sigmund
D:4:      layout_cave_pools
D:5:      layout_basic
D:6:      layout_loops_ring, grunt_gozag_statues, uniq_pikel, uniq_maggie
D:7:      layout_basic, bloody_makhleb, minmay_temple_entry_proselytizer
D:8:      layout_gridville, nicolae_dithmenos_shadow_blocks,
          overflow_temple_1_default, marbit_many_paths, erik_lair_island,
          basic_altar, gammafunk_ghost_abyssal_escape
D:9:      layout_roguey, uniq_joseph
D:10:     layout_roguey, erik_orc_4, led_sif_book, uniq_sonja
Temple:   cyrus_temple_forest

Skill      XL: |  1  2  3  4  5  6  7  8  9 10 |
---------------+-------------------------------+-----
Polearms       | 3 4 6 7 9 11 13 | 13.3
Shields        | 3 4 |  4.7
Armour         | 3 4 |  4.3
Fighting       | |  3.0

Action                   |  1- 3 |  4- 6 |  7- 9 | 10-12 || total
-------------------------+-------+-------+-------+-------++-------
Melee: Trident           |   101 |   112 |   586 |   310 ||  1109
 Abil: Spit Poison       |     2 |     1 |     1 |       ||     4
Evoke: Wand              |       |       |     4 |       ||     4
  Use: Potion            |       |     2 |     8 |     1 ||    11
       Scroll            |       |       |    16 |     5 ||    21
 Stab: Paralysed         |       |       |    11 |       ||    11
       Fleeing           |       |       |     1 |       ||     1
Armor: Scale mail        |    27 |    22 |       |       ||    49
       Storm dragon scal |       |       |   258 |   130 ||   388
Dodge: Dodged            |    18 |    14 |    75 |    43 ||   150
Block: Kite shield       |    34 |    43 |   185 |   119 ||   381

Table legend: (Time is in decaauts)
 A = Elapsed time spent in this place.
 B = Non-inter-level travel time spent in this place.
 C = Inter-level travel time spent in this place.
 D = Time resting spent in this place.
 E = Time spent auto-exploring this place.
 F = Levels seen in this place.
 G = Mean time per level.
                   A        B        C        D        E       F      G
               +--------+--------+--------+--------+--------+-----+--------+
         Total |  14258 |  13554 |    704 |   3779 |   7439 |  11 | 1296.2 |
       Dungeon |  14066 |  13362 |    704 |   3779 |   7312 |  10 | 1406.6 |
        Temple |    192 |    192 |      0 |      0 |    127 |   1 |  192.0 |
               +--------+--------+--------+--------+--------+-----+--------+

Top non-repeatable levels by time:
     D:7: 2476 daAuts
     D:8: 2192 daAuts
     D:5: 2095 daAuts
     D:6: 1508 daAuts
     D:3: 1504 daAuts
     D:9: 1361 daAuts
     D:2: 1048 daAuts
     D:1: 856 daAuts
     D:4: 856 daAuts
  Temple: 192 daAuts
    D:10: 165 daAuts
